 Dungeon Crawl Stone Soup version 0.13-a0-2538-gc238810 (webtiles) character file.

322 Juliette the Skirmisher (level 5, -2/45 HPs)
             Began as a Hill Orc Monk on July 28, 2013.
             Slain by an orc priest (5 damage)
             ... on Level 4 of the Dungeon.
             The game lasted 00:14:01 (3687 turns).

Juliette the Skirmisher (Hill Orc Monk)             Turns: 3687, Time: 00:14:02

HP  -2/45        AC  8     Str 17      XL: 5   Next: 17%
MP   4/4         EV  8     Int 13      God:
Gold 188         SH  0     Dex 13      Spells:  0 memorised,  4 levels left

Res.Fire  : . . .   See Invis. : .   A - +0 orc hand axe (curse)
Res.Cold  : . . .   Warding    : .   g - +0 orc scale mail
Life Prot.: + . .   Conserve   : .   (no shield)
Res.Poison: .       Res.Corr.  : .   (no helmet)
Res.Elec. : .       Clarity    : .   l - +0 cloak
Sust.Abil.: . .     Spirit.Shd : .   o - +0 pair of gauntlets
Res.Mut.  : .       Stasis     : .   (no boots)
Res.Rott. : .       Flight     : .   (no amulet)
Saprovore : + . .                    (no ring)
                                     u - ring "Gramut" {rN+ Str+2 Int+3, unknown}

@: slightly resistant to hostile enchantments, extremely unstealthy
A: saprovore 1
a: Convert to Beogh


You were on level 4 of the Dungeon.
You were hungry.

You visited 1 branch of the dungeon, and saw 4 of its levels.

You collected 188 gold pieces.

Inventory:

Hand weapons
 w - a +0,+0 mace
 A - a cursed +0,+0 orcish hand axe (weapon)
Armour
 g - a +0 orcish scale mail (worn)
 l - a +0 cloak (worn)
 o - a +0 pair of gauntlets (worn)
Magical devices
 y - a wand of confusion (13)
Comestibles
 b - 2 meat rations
 d - 2 bread rations
 f - 2 apples
 j - 12 sultanas
 p - 2 pears
 v - a choko
Scrolls
 a - 3 scrolls of noise {unknown}
 h - a scroll of blinking {unknown}
 i - 3 scrolls of enchant weapon II {unknown}
 k - a scroll of amnesia {unknown}
 n - 3 scrolls of remove curse {unknown}
 q - a scroll of teleportation {unknown}
 s - a scroll of identify {unknown}
 x - a scroll of recharging {unknown}
 B - a scroll of fog {unknown}
Jewellery
 u - the ring "Gramut" (left hand) {rN+ Str+2 Int+3, unknown}
   (You found it on level 4 of the Dungeon)

   [ring of positive energy]

   It affects your strength (+2).
   It affects your intelligence (+3).
 z - a cursed ring of hunger {unknown}
Potions
 c - a potion of confusion {unknown}
 e - a potion of heal wounds {unknown}
 m - 3 potions of curing {unknown}
 r - a potion of might
 t - a potion of poison {unknown}


   Skills:
 * Level 5.2 Fighting
 - Level 3.0 Dodging
 - Level 3.0 Stealth
 - Level 4.3 Unarmed Combat


You had 4 spell levels left.
You didn't know any spells.

Dungeon Overview and Level Annotations

Branches:
Dungeon (4/27)
 Temple: D:4-7

Altars:
Cheibriados
Nemelex Xobeh

Annotations
D:2 Terence


Innate Abilities, Weirdness & Mutations

You can tolerate rotten meat.


Message History

The orc priest invokes the aid of Beogh against you.
Something smites you!
* * * LOW HITPOINT WARNING * * *
The orc misses you. The orc priest hits you.
* * * LOW HITPOINT WARNING * * *
You hit the orc.
You kill the orc!
You closely miss the orc priest.
The orc priest is lightly wounded.
The orc priest hits you but does no damage.
You closely miss the orc priest.
The orc priest is lightly wounded.
The orc priest hits you.
* * * LOW HITPOINT WARNING * * *
You barely miss the orc priest.
The orc priest is lightly wounded.
The orc priest hits you.
* * * LOW HITPOINT WARNING * * *
The orc priest hits you.
You die...

.......#####......# ####........#
.......+..##......###..'.......#'
.......##.............##......###
.......#####......######.....###.
.......# #####.## ####...###
.......# #(# #....## ######## #.#
##....# #.# ##.... #@# ##.#.
#.o))..# #... #......# ####
#......# #.....?# #.(....#
+......# #......# ###


You could see an orc priest.

Vanquished Creatures
  A centaur skeleton (D:4)
  5 adders
  2 worms
  An adder zombie (D:4)
  6 orcs (D:4)
  A ball python (D:1)
  6 goblins
  3 hobgoblins (D:1)
  3 jackals (D:1)
  A quokka (D:2)
  4 bats (D:1)
  A giant cockroach (D:2)
  A giant newt (D:3)
  8 kobolds
  9 rats
52 creatures vanquished.

Notes
Turn   | Place    | Note
--------------------------------------------------------------
     0 | D:1      | Juliette, the Hill Orc Monk, began the quest for the Orb.
     0 | D:1      | Reached XP level 1. HP: 17/17 MP: 0/0
   133 | D:1      | Reached XP level 2. HP: 25/25 MP: 1/1
  1053 | D:2      | Noticed Terence
  1066 | D:1      | Reached XP level 3. HP: 18/30 MP: 2/2
  1975 | D:2      | Reached XP level 4. HP: 30/38 MP: 3/3
  2386 | D:3      | Found a snail-covered altar of Cheibriados.
  3118 | D:4      | Got a warped steel ring
  3168 | D:4      | Reached skill level 5 in Fighting
  3185 | D:4      | Reached XP level 5. HP: 41/45 MP: 4/4
  3554 | D:4      | Found a sparkling altar of Nemelex Xobeh.
  3687 | D:4      | Slain by an orc priest

Action                   |  1- 3 |  4- 6 || total
-------------------------+-------+-------++-------
Melee: Unarmed           |    24 |    41 ||    65
       Short sword       |   121 |    12 ||   133
       Mace              |       |    33 ||    33
       Hand axe          |       |    12 ||    12
